 Dungeon Crawl Stone Soup version 0.31-a0-1029-ge8c24b2130 (webtiles) character file.

Game seed: 8186716705915757626

41265 kae the Slicer (level 13, 0/91 HPs)
             Began as a Demonspawn Enchanter on Nov 18, 2023.
             Was a High Priest of Dithmenos.
             Killed from afar by a rime drake (16 damage)
             ... with an icy flash freeze
             ... on level 5 of the Lair of Beasts.
             The game lasted 00:25:09 (18079 turns).

kae the Slicer (Demonspawn Enchanter)              Turns: 18079, Time: 00:25:09

Health: 0/91       AC: 22    Str: 13    XL:     13   Next: 79%
Magic:  22/22      EV: 11    Int: 17    God:    Dithmenos [*****.]
Gold:   1343       SH: 18    Dex: 20    Spells: 11/24 levels left

rFire   + . .        f - +9 dagger (venom)
rCold   . . .        P - +3 kite shield {rF+}
rNeg    . . .        p - +3 ring mail {Will+}
rPois   +            (helmet restricted)
rElec   .            x - scarf {+Inv}
rCorr   .            y - +0 pair of gloves
SInv    .            (no boots)
Will    +....        H - amulet of Benevolence {Reflect +Blink rPois SH+5}
Stlth   +++++        Y - +4 ring of slaying
HPRegen 0.35/turn    D - +6 ring of dexterity
MPRegen 0.18/turn

%: reflection
@: lethally poisoned (0 -> -10), sanguine armoured, wreathed by umbra
A: antennae 2, demonic guardian 1, ignite blood 2, sanguine armour 3
a: Renounce Religion, Evoke Blink, Evoke Invisibility, Shadow Step, Shadow Form


You were on level 5 of the Lair of Beasts.
You worshipped Dithmenos.
Dithmenos was extremely pleased with you.
You visited 3 branches of the dungeon, and saw 17 of its levels.
You also visited: Sewer, Bailey and Volcano.

You collected 1393 gold pieces.
You spent 50 gold pieces at shops.


Innate Abilities, Weirdness & Mutations

You have a pair of antennae on your head.
A weak demonic guardian rushes to your aid.
Your demonic aura often causes spilled blood to erupt in flames.
When seriously injured, your blood forms very thick armour. (AC +12)


   Skills:
 - Level 5.0 Fighting
 - Level 14.0 Short Blades
 - Level 5.0 Armour
 - Level 5.0 Dodging
 - Level 7.0 Stealth
 + Level 4.8 Shields
 - Level 6.0 Spellcasting
 - Level 12.0 Hexes
 - Level 3.0 Ice Magic
 - Level 5.0 Evocations


You had 11 spell levels left.
You knew the following spells:

 Your Spells              Type           Power      Damage    Failure   Level
a - Ensorcelled Hibernat  Hex/Ice        60%        N/A       6%          2
b - Confusing Touch       Hex            45%        N/A       1%          3
c - Jinxbite              Hex            90%        N/A       1%          2
d - Tukima's Dance        Hex            45%        N/A       1%          3
e - Dazzling Flash        Conj/Hex       50%        N/A       22%         3

Your spell library contained the following spells:

 Spells                   Type           Power      Damage    Failure   Level
 Inner Flame              Hex/Fire       25%        N/A       22%         3
 Anguish                  Hex/Necr       12%        N/A       56%         4
 Apportation              Tloc           10%        N/A       63%         1
 Kiss of Death            Conj/Necr      20%        2d7       63%         1
 Passwall                 Tmut/Erth      4%         N/A       77%         2
 Swiftness                Air            5%         N/A       94%         3
 Volatile Blastmotes      Fire/Tloc      10%        2d10      94%         3
 Animate Dead             Necr           5%         N/A       100%        4
 Dispel Undead            Necr           5%         3d7       100%        4
 Flame Wave               Conj/Fire      5%         2d5       100%        4
 Sticky Flame             Conj/Fire      5%         2d3       100%        4
 Vhi's Electric Charge    Tloc/Air       10%        N/A       100%        4
 Alistair's Intoxication  Tmut/Pois      3%         N/A       100%        5
 Arcjolt                  Conj/Air       2%         1d12      100%        5
 Borgnjor's Vile Clutch   Necr/Erth      2%         N/A       100%        5
 Death Channel            Necr           2%         N/A       100%        6
 Plasma Beam              Fire/Air       2%         2x1d12    100%        6
 Starburst                Conj/Fire      2%         6d3       100%        6
 Maxwell's Capacitive Co  Air            2%         ∞         100%        8

Inventory:

Hand Weapons
 a - a +1 dagger
 f - a +9 dagger of venom (weapon)
   (You took it off a goblin on level 3 of the Dungeon)
 o - a +3 dagger
   (You took it off a goblin on level 2 of the Dungeon)
Missiles
 r - 4 stones
Armour
 p - a +3 ring mail of willpower (worn)
   (You found it on level 2 of the Dungeon)
 x - a scarf of invisibility (worn)
   (You found it on level 4 of the Dungeon)
 y - a +0 pair of gloves (worn)
   (You found it on level 6 of the Dungeon)
 P - a +3 kite shield of fire resistance (worn)
   (You found it in a volcano)
Jewellery
 d - a +6 ring of dexterity
   (You found it on level 9 of the Dungeon)
 m - an amulet of reflection
   (You found it on level 11 of the Dungeon)
 D - a +6 ring of dexterity (right hand)
   (You found it on level 7 of the Dungeon)
 F - a ring of fire
   (You found it on level 5 of the Dungeon)
 G - an amulet of guardian spirit
   (You found it on level 2 of the Dungeon)
 H - the amulet of Benevolence (around neck) {Reflect +Blink rPois SH+5}
   (You acquired it on level 7 of the Dungeon)

   [amulet of reflection]

   Reflect:   It reflects blocked missile attacks.
   rPois:     It protects you from poison +Blink: It lets you blink.
   SH+5:      It affects your SH (+5).
 R - a ring of resist corrosion
   (You found it on level 2 of the Dungeon)
 S - the ring of Abasax Oxui {rPois Will- Str+3 Int+8 Dex-5}
   (You found it on level 8 of the Dungeon)

   [ring of poison resistance]

   Str+3:     It affects your strength (+3).
   Int+8:     It affects your intelligence (+8).
   Dex-5:     It affects your dexterity (-5).
   rPois:     It protects you from poison Will-: It decreases your willpower.
 W - a ring of magical power
   (You found it on level 7 of the Dungeon)
 X - a ring of willpower
   (You took it off an orc priest on level 10 of the Dungeon)
 Y - a +4 ring of slaying (left hand)
   (You found it on level 7 of the Dungeon)
Wands
 h - a wand of paralysis (9)
   (You took it off an orc priest on level 10 of the Dungeon)
 t - a wand of roots (10)
   (You took it off an orc on level 3 of the Dungeon)
 u - a wand of flame (47)
   (You found it on level 3 of the Dungeon)
 B - a wand of quicksilver (11)
   (You found it on level 7 of the Dungeon)
 J - a wand of polymorph (5)
   (You found it on level 10 of the Dungeon)
 Q - a wand of digging (2)
   (You found it on level 8 of the Dungeon)
Scrolls
 b - a scroll of identify {@r1}
 e - a scroll of immolation {!r!r}
 k - 7 scrolls of fear
 l - 3 scrolls of poison {!r}
 v - 6 scrolls of teleportation {@r4}
 K - 2 scrolls of revelation
 M - a scroll of enchant weapon
 N - a scroll of torment {!r}
Potions
 c - 3 potions of invisibility
 g - 4 potions of might
 i - 2 potions of brilliance
 j - a potion of mutation {!q}
 n - 2 potions of enlightenment
 q - a potion of berserk rage {unknown}
 s - 4 potions of curing {@q1}
 z - 8 potions of heal wounds {@q2}
 A - a potion of ambrosia
 C - 3 potions of lignification {!q}
 E - 2 potions of attraction {!q}
 I - 2 potions of resistance
 O - 3 potions of magic
 U - 2 potions of haste {@q3}
 Z - a potion of cancellation

Dungeon Overview and Level Annotations

Branches:
Dungeon (11/15) Zot: 26082  Temple (1/1) D:7 Zot: 5981    Lair (5/5) D:10 Zot: 24711
  Swamp (0/4) Lair:3        Snake (0/4) Lair:2          Orc (0/2) D:11
  Sewer (visited)          Bailey (visited)         Volcano (visited)
  Slime: Lair:4-5

Altars:
Ashenzari
Cheibriados
Dithmenos
Fedhas
Gozag
Hepliaklqana
Kikubaaqudgha
Makhleb
Nemelex Xobeh
Okawaru
Qazlal
Ru
Sif Muna
Trog
Uskayaw
Vehumet
Wu Jian
Xom
Yredelemnul

Shops:
D:4 [*:

Annotations:
Lair:1 Harold
Lair:3 2 transporters

##......#....#
#....#.....P#
##..P###.#..##
######.......#
##.####...#..P#
#P..$.#...#...#
#..$$)#####..##
#...).#......#
#...○S#@.....#
#..y°Y....#.#
##..#☼#...###
##..k....#
##.#...##
#######


You could see a dire elephant (very poisoned), a rime drake (catching breath)
and a hornet.


Message History

The catoblepas looks as sick as possible! 😮 MP[+1]
You hit the catoblepas but do no damage.
The catoblepas looks as sick as possible!
The catoblepas misses you.
You puncture the catoblepas!
The catoblepas looks as sick as possible!
The catoblepas is engulfed in blazing flames.
You block the catoblepas's attack. 😮 HP[+1]
You hit the catoblepas but do no damage.
The catoblepas looks as sick as possible!
You hit the catoblepas.
The catoblepas is engulfed in blazing flames.
You block the catoblepas's attack.
You puncture the catoblepas!
The catoblepas is engulfed in blazing flames.
You kill the catoblepas!
Dithmenos accepts your kill. 😮 HP[+1] MP[+1]
Your mp is fully restored (22).
Your blood armour dries and flakes away.
Key pressed, stopping explore.
Unknown command. 😕 HP[+20]
You regained 20 hp, and now have 69/91 hp.
A rime drake comes into view. 😎 HP[+22]
Your hp is fully restored (91).
A rime drake is nearby!
Unknown command.
A rime drake is nearby!
A rime drake is nearby!
A rime drake is nearby!
A rime drake is nearby!
A manticore, a hornet, a dire elephant and a black mamba come into view.
The rime drake hisses angrily.
The hornet buzzes angrily.
The black mamba hisses angrily.
The black mamba bites you but does no damage.
The dire elephant trumpets!
There are monsters nearby!
You miss the black mamba. The black mamba bites you!
You puncture the manticore!
The manticore is poisoned.
You block the black mamba's attack. You block the rime drake's attack.
You block the black mamba's attack.
There are monsters nearby!
You hit the manticore.
The manticore looks as sick as possible!
The manticore barely misses you. x2; The manticore completely misses you.
You block the black mamba's attack.
You puncture the manticore! The rime drake breathes ice at you.
The icy flash freeze hits you!!
Your blood congeals into armour.
You are encased in ice.
The black mamba bites you! The dire elephant tramples you.
You hold your ground!
The dire elephant trunk-slaps you but does no damage.
The manticore is engulfed in blazing flames.
The manticore bites you but does no damage.
The manticore claws you but does no damage.
You block the manticore's attack. 😮 HP[-43]
You take 43 damage, and now have 48/91 hp.
MASSIVE DAMAGE!! (PAUSE)
You puncture the manticore!
You kill the manticore!
Dithmenos accepts your kill.
The black mamba bites you but does no damage.
The rime drake barely misses you.
Unknown command.
You hit the dire elephant.
The dire elephant is poisoned.
Your shadow hits the dire elephant with a dagger.
The black mamba bites you!
* * * LOW HITPOINT WARNING * * *
You are poisoned.
The black mamba poisons you! The dire elephant tramples you!
* * * LOW HITPOINT WARNING * * *
You hold your ground!
You block the dire elephant's attack.
The rime drake bites you but does no damage.
The hornet is engulfed in blazing flames.
The hornet closely misses you. 😨 HP[-21]
You take 21 damage, and now have 27/91 hp.
MASSIVE DAMAGE!! (PAUSE)
* * * LOW HITPOINT WARNING * * *
You feel extremely sick.
The hornet is engulfed in blazing flames.
The black mamba is engulfed in blazing flames.
You block the black mamba's attack.
You block the dire elephant's attack. x2
The black mamba is engulfed in blazing flames.
The black mamba closely misses you. 😱 HP[-6]
You take 6 damage, and now have 21/91 hp.
Unknown command.
The ice encasing you melts away.
You feel very sick.
The black mamba is engulfed in blazing flames.
The rime drake breathes ice at you. The icy flash freeze hits you!
You die...

Skill      XL: |  1  2  3  4  5  6  7  8  9 10 11 12 13 |
---------------+----------------------------------------+-----
Short Blades   | 1 2 3 4 5 7 8 10 12 14 | 14.0
Stealth        | 3 4 5 6 7 |  7.0
Ice Magic      | 1 2 3 |  3.0
Armour         | 1 2 3 4 5 |  5.0
Spellcasting   | 3 4 5 6 |  6.0
Hexes          | 4 5 6 7 8 10 12 | 12.0
Evocations     | 1 3 4 5 |  5.0
Dodging        | 3 5 |  5.0
Fighting       | 2 5 |  5.0
Shields        | 4 |  4.8

Action                     |  1- 3 |  4- 6 |  7- 9 | 10-12 | 13-15 || total
---------------------------+-------+-------+-------+-------+-------++-------
  Melee: Dagger            |   170 |   249 |   302 |   517 |   215 ||  1453
         Punch             |       |     3 |     5 |     5 |       ||    13
   Cast: Ensorcelled Hiber |     8 |     9 |    37 |    41 |     7 ||   102
         Jinxbite          |       |     2 |       |       |       ||     2
         Confusing Touch   |       |       |     5 |     6 |     1 ||    12
Ability: Evoke Blink       |       |       |       |     1 |       ||     1
         Evoke Invisibilit |       |       |       |     1 |       ||     1
  Evoke: Wand              |       |       |    12 |       |       ||    12
    Use: Scroll            |       |     9 |    12 |    17 |     1 ||    39
         Potion            |       |     1 |       |     1 |       ||     2
   Stab: Sleeping          |    10 |     8 |    29 |    32 |     6 ||    85
         Distracted        |       |     1 |       |     3 |       ||     4
         Confused          |       |       |     4 |     2 |       ||     6
         Invisible         |       |       |       |     3 |       ||     3
         Petrifying        |       |       |       |       |     1 ||     1
 Armour: Robe              |    97 |     7 |       |       |       ||   104
         Ring mail         |       |   104 |   150 |   189 |    85 ||   528
  Dodge: Dodged            |   134 |   112 |   123 |   185 |    52 ||   606
  Block: Other             |       |       |       |    53 |       ||    53
         Reflection        |       |       |       |     3 |       ||     3
         Kite shield       |       |       |       |    81 |   135 ||   216

Levels and vault maps discovered:
D:1:      minmay_arrival_split_and_join, layout_basic
D:2:      layout_rooms, ebering_ecumenical_altar_sacrificial
D:3:      minmay_skewed_foursquare, layout_loops_ring,
          grunt_temple_overflow_open, lightli_sewer_entry_pipes, uniq_natasha
D:4:      layout_basic, kennysheep_mini_moat, kennysheep_okawaru_gauntlet,
          serial_shops, nicolae_shop_rolling_square, shop,
          nicolae_lakefront_shop, nicolae_wormholes, uniq_duvessa
D:5:      kennysheep_six_static_rooms, layout_loops_corners
D:6:      layout_basic, led_xom_imps, kennysheep_decorative_pillar,
          uniq_menkaure, uniq_pikel
D:7:      layout_basic, lemuel_zombie_altar_yredelemnul,
          mainiacjoe_overflow_small_starburst, mainiacjoe_overflow_paths,
          minmay_temple_entry_statues, enter_bailey_2
D:8:      layout_loops_ring
D:9:      layout_basic, lemuel_doored_altar, bh_walls_and_bars
D:10:     layout_rooms, mainiacjoe_overflow_concentric_impassable,
          nicolae_vehumet_altar_sigil, uniq_snorg, uniq_grum
D:11:     layout_irregular_city, orc_0_dummy, uniq_maurice
Temple:   nicolae_temple_bog_church
Lair:1:   layout_regular_city, infiniplex_staircase_pool, grunt_megastairs_2,
          uniq_harold
Lair:2:   layout_loops_ring, guppyfry_snake_entry_garden, enter_volcano_2
Lair:3:   gammafunk_worm_tunnel, layout_regular_city, swamp_mist,
          lemuel_fruit_fields, serial_bayou_shore_a
Lair:4:   layout_cave_pods, grunt_megastairs_5
Lair:5:   hangedman_lair_in_review, layout_cave_pods, dpeg_slime_entry_corner

Notes
Turn   | Place    | Note
-------+----------+-------------------------------------------
     0 | D:1      | kae the Demonspawn Enchanter began the quest for the Orb.
     0 | D:1      | Reached XP level 1. HP: 13/13 MP: 3/3
     0 | D:1      | magus.rc [v1.11.3]
    39 | D:1      | Reached skill level 1 in Short Blades
    84 | D:1      | You pick up a book of Dreams and begin reading...
    84 | D:1      | You add the spells Jinxbite and Anguish to your library.
   107 | D:1      | Gained mutation: You have a pair of small antennae on your
                  | head. [demonic ancestry]
   107 | D:1      | Reached XP level 2. HP: 17/19 MP: 5/5
   110 | D:1      | Learned a level 2 spell: Ensorcelled Hibernation
   641 | D:1      | Gained mutation: Your demonic aura sometimes causes spilled
                  | blood to erupt in flames. [demonic ancestry]
   641 | D:1      | Reached XP level 3. HP: 22/24 MP: 6/6
   645 | D:1      | Learned a level 3 spell: Confusing Touch
  1007 | D:2      | Reached skill level 3 in Stealth
  1007 | D:2      | Reached skill level 1 in Ice Magic
  1110 | D:2      | HP: 6/24 [poisoned by an adder]
  1113 | D:2      | Reached skill level 2 in Short Blades
  1115 | D:2      | HP: 4/24 [poisoned by an adder]
  1186 | D:2      | Found a faded altar of an unknown god.
  1441 | D:2      | Reached XP level 4. HP: 20/30 MP: 2/7
  1445 | D:2      | Learned a level 2 spell: Jinxbite
  1913 | D:3      | Found a glowing drain.
  1934 | Sewer    | Entered a sewer
  2178 | Sewer    | Gained mutation: When seriously injured, your blood forms
                  | armour. (AC +12) [demonic ancestry]
  2178 | Sewer    | Reached XP level 5. HP: 32/35 MP: 8/8
  2209 | Sewer    | HP: 6/35 [frozen (3)]
  2211 | Sewer    | Reached skill level 2 in Ice Magic
  2417 | Sewer    | Reached skill level 3 in Short Blades
  2417 | Sewer    | Reached skill level 1 in Armour
  2417 | Sewer    | Reached XP level 6. HP: 29/41 MP: 7/10
  2944 | Sewer    | Reached skill level 3 in Spellcasting
  2999 | D:3      | Learned a level 3 spell: Tukima's Dance
  3127 | D:3      | Found a burning altar of Makhleb.
  3128 | D:3      | Found a sacrificial altar of Ru.
  3195 | D:3      | Identified the +0 sling of Greatest Utility {speed, Int+3}
  3441 | D:3      | Reached skill level 3 in Ice Magic
  3720 | D:3      | Noticed Natasha
  3726 | D:3      | Killed Natasha
  3727 | D:3      | Gained mutation: Your demonic aura often causes spilled
                  | blood to erupt in flames. [demonic ancestry]
  3727 | D:3      | Reached XP level 7. HP: 40/46 MP: 8/11
  3912 | D:4      | You pick up a book of Touch and begin reading...
  3912 | D:4      | You add the spells Kiss of Death and Dispel Undead to your
                  | library.
  4031 | D:4      | Reached skill level 4 in Short Blades
  4031 | D:4      | Reached skill level 4 in Hexes
  4104 | D:4      | Found Asirroom's Armour Boutique.
  4226 | D:4      | Noticed Duvessa
  4226 | D:4      | Noticed Dowan
  4259 | D:4      | Killed Duvessa
  4260 | D:4      | Reached skill level 2 in Armour
  4260 | D:4      | Reached skill level 4 in Stealth
  4347 | D:4      | Killed Dowan
  4412 | D:4      | Reached skill level 1 in Evocations
  4419 | D:4      | Found an iron altar of Okawaru.
  4762 | D:4      | You pick up a book of Burglary and begin reading...
  4762 | D:4      | You add the spells Passwall and Swiftness to your library.
  4815 | D:4      | Found Quceam's Book Boutique.
  4823 | D:4      | Reached XP level 8. HP: 51/52 MP: 13/13
  4839 | D:4      | Found a shimmering blue altar of Sif Muna.
  4869 | D:4      | Found Seliora's Assorted Antiques.
  4878 | D:4      | Bought a scroll labelled ZEIFRE GIAMEASUI for 25 gold
                  | pieces
  4878 | D:4      | Bought a scroll labelled FIMIME ZIOTWE for 25 gold pieces
  4989 | D:5      | Entered Level 5 of the Dungeon
  6010 | D:6      | Reached skill level 5 in Short Blades
  6010 | D:6      | Reached skill level 2 in Evocations
  6042 | D:6      | Reached skill level 3 in Armour
  6055 | D:6      | Reached skill level 4 in Spellcasting
  6179 | D:6      | You pick up a book of Flames and begin reading...
  6179 | D:6      | You add the spells Inner Flame, Sticky Flame and Flame Wave
                  | to your library.
  6316 | D:6      | You pick up a book of Unlife and begin reading...
  6316 | D:6      | You add the spells Animate Dead, Borgnjor's Vile Clutch and
                  | Death Channel to your library.
  6397 | D:6      | Noticed Menkaure
  6412 | D:6      | Killed Menkaure
  6413 | D:6      | Reached skill level 5 in Hexes
  6545 | D:6      | Noticed Pikel
  6570 | D:6      | Killed Pikel
  6571 | D:6      | Reached skill level 5 in Stealth
  6571 | D:6      | Reached skill level 3 in Evocations
  6571 | D:6      | Gained mutation: When seriously injured, your blood forms
                  | thick armour. (AC +12) [demonic ancestry]
  6571 | D:6      | Reached XP level 9. HP: 57/57 MP: 12/15
  6625 | D:6      | Reached skill level 6 in Short Blades
  6807 | D:6      | Found a shimmering altar of Xom.
  6954 | D:7      | Learned a level 3 spell: Dazzling Flash
  7087 | D:7      | Found a blossoming altar of Fedhas.
  7144 | D:7      | Found a staircase to the Ecumenical Temple.
  7156 | Temple   | Entered the Ecumenical Temple
  7165 | Temple   | Became a worshipper of Dithmenos the Shadowed
  7266 | D:7      | Found a flagged portal.
  7274 | D:7      | Identified the +11 hand axe "Vomibadi" {pain, rPois Int+4}
  7295 | Bailey   | Entered a bailey
  7360 | Bailey   | Reached skill level 4 in Armour
  7605 | Bailey   | Reached skill level 5 in Spellcasting
  7678 | Bailey   | Reached * piety under Dithmenos
  7706 | Bailey   | Reached skill level 4 in Evocations
  7752 | Bailey   | Noticed an orc warlord
  7863 | Bailey   | Reached skill level 7 in Short Blades
  7863 | Bailey   | Reached skill level 6 in Stealth
  7863 | Bailey   | Reached skill level 6 in Hexes
  7895 | Bailey   | Noticed an orc knight
  7910 | Bailey   | Killed an orc knight
  7911 | Bailey   | Gained mutation: You have a pair of antennae on your head.
                  | [demonic ancestry]
  7911 | Bailey   | Reached XP level 10. HP: 63/63 MP: 12/17
  7965 | D:7      | Identified the of Ysibas (You acquired it on level 7 of
                  | the Dungeon)
  7965 | D:7      | Acquired the amulet of Benevolence {Reflect +Blink rPois
                  | SH+5}
  8193 | D:7      | Found a basalt altar of Yredelemnul.
  8368 | D:7      | Found a bloodstained altar of Trog.
  8684 | D:8      | Reached ** piety under Dithmenos
  9034 | D:8      | Identified the ring of Abasax Oxui {rPois Will- Str+3 Int+8
                  | Dex-5}
  9296 | D:9      | Identified the +0 leather armour of a volcano {Harm}
  9782 | D:9      | Found an opulent altar of Gozag.
  9837 | D:9      | Reached skill level 2 in Dodging
  9883 | D:9      | Reached skill level 5 in Armour
  9895 | D:9      | Reached skill level 1 in Fighting
  9916 | D:9      | Reached skill level 5 in Evocations
  9928 | D:9      | Reached skill level 8 in Short Blades
 10254 | D:10     | Entered Level 10 of the Dungeon
 10282 | D:10     | Reached skill level 2 in Fighting
 10304 | D:10     | Noticed Grum
 10329 | D:10     | Killed Grum
 10330 | D:10     | Reached skill level 6 in Spellcasting
 10351 | D:10     | Reached skill level 3 in Dodging
 10515 | D:10     | Found a radiant altar of Vehumet.
 10537 | D:10     | Noticed Snorg
 10537 | D:10     | Noticed a two-headed ogre
 10623 | D:10     | Noticed a two-headed ogre
 10631 | D:10     | HP: 15/68 [two-headed ogre/+0 giant club (9)]
 10633 | D:10     | Killed a two-headed ogre
 10634 | D:10     | Reached skill level 7 in Stealth
 10634 | D:10     | Reached skill level 7 in Hexes
 10634 | D:10     | Reached XP level 11. HP: 17/74 MP: 5/20
 10669 | D:10     | Killed a two-headed ogre
 10670 | D:10     | Reached skill level 3 in Fighting
 10827 | D:10     | Found a staircase to the Lair.
 11008 | D:10     | Found a snail-covered altar of Cheibriados.
 11021 | D:10     | You pick up a book of Spectacle and begin reading...
 11021 | D:10     | You add the spells Volatile Blastmotes, Starburst and
                  | Maxwell's Capacitive Coupling to your library.
 11320 | D:11     | Reached *** piety under Dithmenos
 11323 | D:11     | Noticed Maurice
 11347 | D:11     | Killed Maurice
 11648 | D:11     | Reached skill level 9 in Short Blades
 11670 | D:11     | Noticed a white ugly thing
 11677 | D:11     | Killed a white ugly thing
 11881 | D:11     | Found a staircase to the Orcish Mines.
 11998 | D:10     | Killed Snorg
 11999 | D:10     | Reached skill level 4 in Dodging
 12074 | Gauntlet | Identified the "Nigeex"
 12074 | Lair:1   | Entered Level 1 of the Lair of Beasts
 12084 | Lair:1   | Reached skill level 4 in Fighting
 12143 | Lair:1   | You pick up a book of Lightning and begin reading...
 12143 | Lair:1   | You add the spells Vhi's Electric Charge, Arcjolt and
                  | Plasma Beam to your library.
 12209 | Lair:1   | Noticed Harold
 13237 | Lair:2   | Reached skill level 8 in Hexes
 13255 | Lair:2   | Reached skill level 10 in Short Blades
 13259 | Lair:2   | HP: 8/78 [komodo dragon (21)]
 13299 | Lair:2   | HP: 18/78 [cane toad (12)]
 13300 | Lair:2   | Reached skill level 5 in Fighting
 13300 | Lair:2   | Reached skill level 5 in Dodging
 13319 | Lair:2   | Found a dark tunnel.
 13326 | Volcano  | Entered a volcano
 13524 | Volcano  | Noticed a red ugly thing
 13527 | Volcano  | Noticed a red ugly thing
 13543 | Volcano  | Killed a white ugly thing
 13544 | Volcano  | Gained mutation: When seriously injured, your blood forms
                  | very thick armour. (AC +12) [demonic ancestry]
 13544 | Volcano  | Reached XP level 12. HP: 59/86 MP: 21/21
 13713 | Volcano  | Reached **** piety under Dithmenos
 13999 | Lair:2   | Noticed a boulder beetle
 14006 | Lair:2   | Killed a boulder beetle
 14030 | Lair:2   | Reached skill level 11 in Short Blades
 14094 | Lair:2   | Reached skill level 9 in Hexes
 14175 | Lair:2   | Found a staircase to the Snake Pit.
 15078 | Lair:3   | Found a transporter.
 15092 | Lair:3   | Reached skill level 12 in Short Blades
 15126 | Lair:3   | Reached skill level 10 in Hexes
 15713 | Lair:3   | Found a transporter.
 15781 | Lair:3   | Found a staircase to the Swamp.
 16174 | Lair:4   | Gained mutation: A weak demonic guardian rushes to your
                  | aid. [demonic ancestry]
 16174 | Lair:4   | Reached XP level 13. HP: 91/91 MP: 22/22
 16194 | Lair:4   | Reached skill level 13 in Short Blades
 16570 | Lair:4   | You pick up a book of Party Tricks and begin reading...
 16570 | Lair:4   | You add the spells Apportation and Alistair's Intoxication
                  | to your library.
 17187 | Lair:5   | Identified the of Zaureih
 17187 | Lair:5   | Entered Level 5 of the Lair of Beasts
 17209 | Lair:5   | Reached skill level 11 in Hexes
 17380 | Lair:5   | Reached ***** piety under Dithmenos
 17506 | Lair:5   | Reached skill level 14 in Short Blades
 17542 | Lair:5   | Reached skill level 12 in Hexes
 17733 | Lair:5   | Reached skill level 1 in Shields
 17783 | Lair:5   | Reached skill level 2 in Shields
 17831 | Lair:5   | Reached skill level 3 in Shields
 17925 | Lair:5   | Reached skill level 4 in Shields
 18070 | Lair:5   | Noticed a dire elephant
 18078 | Lair:5   | HP: 21/91 [poisoned by a black mamba]
 18079 | Lair:5   | Killed from afar by a rime drake

Vanquished Creatures
  Snorg (D:10)
  A hydra (Lair:5)
  A catoblepas (Lair:5)
  A boulder beetle (Lair:2)
  4 death yaks (Lair:5)
  2 two-headed ogres (D:10)
  2 skysharks (Lair:3)
  A lindwurm (Lair:5)
  Pikel (D:6)
  An orc knight (Bailey)
  5 ugly things
  An orc sorcerer (Volcano)
  6 elephants
  2 manticores (Lair:5)
  Maurice (D:11)
  A torpor snail (Lair:4)
  7 black mambas
  6 cane toads
  A smoke demon (Volcano)
  5 rime drakes
  8 komodo dragons
  A polar bear (Lair:5)
  A troll (D:11)
  A hornet (Lair:5)
  16 blink frogs
  3 wyverns
  A vampire (D:10)
  8 basilisks
  Grum (D:10)
  42 yaks
  Menkaure (D:6)
  4 vampire mosquitoes (D:11)
  A naga (Lair:2)
  9 water moccasins
  Duvessa (D:4)
  A hell hound (Volcano)
  An ice beast (D:4)
  11 orc warriors (Bailey)
  A black bear (Lair:4)
  A hornet zombie (D:7)
  2 sky beasts
  2 centaurs
  8 wolves
  2 phantoms
  8 kobold brigands
  14 bullfrogs
  2 scorpions
  4 wights (D:10)
  Dowan (D:4)
  4 killer bees (D:8)
  An electric eel (Lair:3)
  13 howler monkeys
  2 crimson imps (D:6)
  An orc priest (D:10)
  A hound (D:4)
  2 jellies
  A gnoll bouda (D:6)
  2 sleepcaps
  Natasha (D:3)
  3 iguanas
  4 orc wizards
  A howler monkey zombie (D:7)
  14 gnolls
  7 river rats
  12 adders
  3 white imps
  14 worms
  2 dart slugs
  40 orcs
  11 ball pythons
  11 endoplasms
  5 giant cockroaches
  20 goblins
  14 hobgoblins
  10 jackals
  4 quokkas
  5 bats
  3 frilled lizards
  31 kobolds
  19 rats
467 creatures vanquished.

Vanquished Creatures (collateral kills)
  A skyshark (Lair:5)
1 creature vanquished.

Grand Total: 468 creatures vanquished

Table legend:
 A = Non-vault XP
 B = Vault XP
 C = Vault XP percentage of total XP
 D = Non-vault monster count
 E = Vault monster count
 F = Vault count percentage of total count
                 A         B        C        D         E       F
            +---------+---------+-------+---------+---------+-------
      Total |   41141 |   17809 |  30.2 |     321 |     147 |  31.4
            +---------+---------+-------+---------+---------+-------
        D:1 |      44 |       0 |   0.0 |      26 |       0 |   0.0
        D:2 |      62 |       0 |   0.0 |      19 |       0 |   0.0
        D:3 |      84 |     118 |  58.4 |      26 |      21 |  44.7
        D:4 |     446 |     233 |  34.3 |      21 |       7 |  25.0
        D:5 |     178 |     143 |  44.5 |       8 |       8 |  50.0
        D:6 |     636 |     877 |  58.0 |      22 |       4 |  15.4
        D:7 |     404 |     144 |  26.3 |       7 |       2 |  22.2
        D:8 |     855 |       0 |   0.0 |      29 |       0 |   0.0
        D:9 |    2402 |       0 |   0.0 |      18 |       0 |   0.0
       D:10 |    2494 |    1475 |  37.2 |      21 |       5 |  19.2
       D:11 |    1775 |     472 |  21.0 |      14 |       1 |   6.7
     Lair:1 |    2392 |     499 |  17.3 |      15 |       2 |  11.8
     Lair:2 |    5566 |     611 |   9.9 |      19 |       2 |   9.5
     Lair:3 |   10074 |       0 |   0.0 |      36 |       0 |   0.0
     Lair:4 |    4683 |    1255 |  21.1 |      19 |       5 |  20.8
     Lair:5 |    9046 |    5954 |  39.7 |      21 |      14 |  40.0
      Sewer |       0 |     449 | 100.0 |       0 |      28 | 100.0
     Bailey |       0 |    2212 | 100.0 |       0 |      41 | 100.0
    Volcano |       0 |    3367 | 100.0 |       0 |       7 | 100.0
            +---------+---------+-------+---------+---------+-------

Skill      XL: |  1  2  3  4  5  6  7  8  9 10 11 12 13 |
---------------+----------------------------------------+-----
Short Blades   | 1 2 3 4 5 7 8 10 12 14 | 14.0
Stealth        | 3 4 5 6 7 |  7.0
Ice Magic      | 1 2 3 |  3.0
Armour         | 1 2 3 4 5 |  5.0
Spellcasting   | 3 4 5 6 |  6.0
Hexes          | 4 5 6 7 8 10 12 | 12.0
Evocations     | 1 3 4 5 |  5.0
Dodging        | 3 5 |  5.0
Fighting       | 2 5 |  5.0
Shields        | 4 |  4.8

Action                     |  1- 3 |  4- 6 |  7- 9 | 10-12 | 13-15 || total
---------------------------+-------+-------+-------+-------+-------++-------
  Melee: Dagger            |   170 |   249 |   302 |   517 |   215 ||  1453
         Punch             |       |     3 |     5 |     5 |       ||    13
   Cast: Ensorcelled Hiber |     8 |     9 |    37 |    41 |     7 ||   102
         Jinxbite          |       |     2 |       |       |       ||     2
         Confusing Touch   |       |       |     5 |     6 |     1 ||    12
Ability: Evoke Blink       |       |       |       |     1 |       ||     1
         Evoke Invisibilit |       |       |       |     1 |       ||     1
  Evoke: Wand              |       |       |    12 |       |       ||    12
    Use: Scroll            |       |     9 |    12 |    17 |     1 ||    39
         Potion            |       |     1 |       |     1 |       ||     2
   Stab: Sleeping          |    10 |     8 |    29 |    32 |     6 ||    85
         Distracted        |       |     1 |       |     3 |       ||     4
         Confused          |       |       |     4 |     2 |       ||     6
         Invisible         |       |       |       |     3 |       ||     3
         Petrifying        |       |       |       |       |     1 ||     1
 Armour: Robe              |    97 |     7 |       |       |       ||   104
         Ring mail         |       |   104 |   150 |   189 |    85 ||   528
  Dodge: Dodged            |   134 |   112 |   123 |   185 |    52 ||   606
  Block: Other             |       |       |       |    53 |       ||    53
         Reflection        |       |       |       |     3 |       ||     3
         Kite shield       |       |       |       |    81 |   135 ||   216

Illustrated notes

Table legend:
 A = Kills in this place as a percentage of kills in the entire game.
 B = Kills by you in this place as a percentage of kills by you in the entire game.
 C = Kills by friends in this place as a percentage of kills by friends in the entire game.
 D = Other kills in this place as a percentage of other kills in the entire game.
 E = Experience gained in this place as a percentage of experience gained in the entire game.
 F = Experience gained in this place divided by the number of levels of this place that you have seen.
                   A       B       C       D       E      F
               +-------+-------+-------+-------+-------+----------------------
         Total | 100.0 | 100.0 | 100.0 | 100.0 | 100.0 | 2947.5
       Dungeon |  55.3 |  55.6 |   0.0 |   0.0 |  21.8 | 1167.5
          Lair |  28.4 |  28.3 | 100.0 |   0.0 |  68.0 | 8016.0
         Sewer |   6.0 |   6.0 |   0.0 |   0.0 |   0.8 | 449.0
        Bailey |   8.8 |   8.8 |   0.0 |   0.0 |   3.8 | 2212.0
       Volcano |   1.5 |   1.3 |   0.0 | 100.0 |   5.7 | 3367.0
               +-------+-------+-------+-------+-------+----------------------

Table legend: (Time is in decaauts)
 A = Elapsed time spent in this place.
 B = Non-inter-level travel time spent in this place.
 C = Inter-level travel time spent in this place.
 D = Time resting spent in this place.
 E = Time spent auto-exploring this place.
 F = Levels seen in this place.
 G = Mean time per level.
                   A        B        C        D        E       F      G
               +--------+--------+--------+--------+--------+-----+--------+
         Total |  17889 |  17495 |    394 |   1163 |  12643 |  20 |  894.5 |
       Dungeon |  10173 |   9857 |    316 |    557 |   7205 |  11 |  924.8 |
        Temple |     18 |     10 |      8 |      0 |      0 |   1 |   18.0 |
          Lair |   5287 |   5218 |     69 |    285 |   4089 |   5 | 1057.4 |
         Sewer |   1203 |   1203 |      0 |    114 |    824 |   1 | 1203.0 |
        Bailey |    638 |    638 |      0 |    122 |    135 |   1 |  638.0 |
       Volcano |    568 |    568 |      0 |     85 |    390 |   1 |  568.0 |
               +--------+--------+--------+--------+--------+-----+--------+

Top non-repeatable levels by time:
  Lair:3: 1310 daAuts
     D:3: 1266 daAuts
   Sewer: 1203 daAuts
  Lair:1: 1110 daAuts
  Lair:4: 1019 daAuts
  Lair:2: 995 daAuts
     D:5: 991 daAuts
     D:4: 974 daAuts
    D:10: 972 daAuts
     D:9: 956 daAuts
     D:6: 933 daAuts
     D:1: 893 daAuts
     D:7: 862 daAuts
  Lair:5: 850 daAuts
    D:11: 802 daAuts
